 Dungeon Sprint DCSS version 0.18-a0-1655-ge2d8d33 (webtiles) character file.

12769 Kidiri the Blocker (level 11, -3/111 HPs)
             Began as a Minotaur Fighter on Mar 30, 2016.
             Was the Champion of Qazlal.
             Slain by a tentacled monstrosity (8 damage)
             ... in the Dungeon (Sprint V: "Ziggurat Sprint").
             The game lasted 00:10:34 (1042 turns).

Kidiri the Blocker (Minotaur Fighter)               Turns: 1042, Time: 00:10:34

Health: -3/111     AC: 37    Str: 22    XL:     11   Next: 66%
Magic:  16/16      EV: 12    Int:  1    God:    Qazlal [******]
Gold:   0          SH: 42    Dex: 33    Spells: 0 memorised, 10 levels left

rFire  . . .     SeeInvis .     a - +7 Screaming Sword
rCold  . . .     Gourm    .     b - +15 Maxwell's patent armour {-Cast -Tele rElec MR+ rCorr}
rNeg   + . .     Faith    .     c - +18 shield of the gong {rElec rN+ MR+ EV-5}
rPois  .         Spirit   .     (helmet restricted)
rElec  +         Dismiss  +     N - +0 cloak {MR+}
rCorr  +         Reflect  .     L - +0 pair of gloves {Dex+3}
SustAt .         Harm     .     (no boots)
MR     +++..     NoTele   +     x - amulet "Ohoiru" {Dismiss Int-4 Dex+6}
Stlth  .......... NoCast   +    y - +6 ring of dexterity
                                n - +6 ring of dexterity

@: protected from physical damage, constricted, repel missiles, extremely
resistant to hostile enchantments, extremely unstealthy
A: retaliatory headbutt, horns 2
a: Upheaval, Elemental Force, Disaster Area, Renounce Religion


You were in the Dungeon.
You worshipped Qazlal.
Qazlal was exalted by your worship.
You were not hungry.

You visited 1 branch

Inventory:

Hand Weapons
 a - the +7 Screaming Sword (weapon)
   (You found it in the Dungeon)
Missiles
 H - 2 throwing nets (quivered)
Armour
 b - the +15 Maxwell's patent armour (worn) {-Cast -Tele rElec MR+ rCorr}
   (You found it in the Dungeon)

   It insulates you from electricity.
   It affects your resistance to hostile enchantments.
   It prevents spellcasting.
   It prevents most forms of teleportation.
   It protects you from acid and corrosion.
 c - the +18 shield of the gong (worn) {rElec rN+ MR+ EV-5}
   (You found it in the Dungeon)

   It affects your evasion (-5).
   It insulates you from electricity.
   It protects you from negative energy.
   It affects your resistance to hostile enchantments.
 L - a +0 pair of gloves of dexterity (worn)
 N - a +0 cloak of magic resistance (worn)
Jewellery
 n - a +6 ring of dexterity (left hand)
 x - the amulet "Ohoiru" (around neck) {Dismiss Int-4 Dex+6}
   (You found it in the Dungeon)

   [amulet of dismissal]

   It may teleport away creatures that harm you.
   It affects your intelligence (-4).
   It affects your dexterity (+6).
 y - a +6 ring of dexterity (right hand)
 C - a +6 ring of strength
 D - a +6 ring of strength
 G - an uncursed ring of protection from cold
 I - an uncursed ring of positive energy
 J - the ring of Puikues {rPois AC+1 Slay-5 SInv Stlth+}
   (You found it in the Dungeon)

   [ring of protection]

   It affects your AC (+1).
   It affects your accuracy and damage with ranged weapons and melee attacks
   (-5).
   It protects you from poison.
   It lets you see invisible.
   It makes you more stealthy.
 K - an uncursed ring of ice
 M - an uncursed amulet of the gourmand
Wands
 A - a wand of disintegration (6/24)
 B - a wand of iceblast (5/15)
 E - a wand of lightning (3/15)
 F - a wand of acid (5/15)
Scrolls
 k - 4 scrolls of blinking
 o - 3 scrolls of recharging
 p - 7 scrolls of fog
 q - a scroll of holy word
 r - 5 scrolls of identify
 s - 5 scrolls of remove curse
 t - 2 scrolls of fear
Potions
 d - 6 potions of might
 e - 9 potions of curing
 g - 8 potions of heal wounds
 h - 6 potions of haste
 i - 7 potions of magic
 j - 3 potions of berserk rage
 u - 2 potions of brilliance
 v - 2 potions of invisibility
 w - 4 potions of resistance
 z - 5 potions of agility
Comestibles
 f - 5 bread rations
 l - 42 fruits
 m - 3 meat rations


   Skills:
 * Level 14.5 Fighting
 * Level 14.2 Long Blades
 * Level 14.4 Armour
 * Level 13.0 Dodging
 * Level 14.5 Shields
 + Level 8.8 Invocations
 + Level 8.1 Evocations


You had 10 spell levels left.
You didn't know any spells.

Dungeon Overview and Level Annotations

Branches:
Dungeon (1/1)

Altars:
Ashenzari
Cheibriados
Dithmenos
Elyvilon
Fedhas
Gozag
Kikubaaqudgha
Makhleb
Nemelex Xobeh
Okawaru
Pakellas
Qazlal
Ru
Sif Muna
Trog
Vehumet
Xom
Yredelemnul
Zin
The Shining One
Beogh
Jiyva
Lugonu


Innate Abilities, Weirdness & Mutations

You reflexively headbutt those who attack you in melee.
You have a pair of horns on your head.


Message History

SHROANNG!
You block the Orb Guardian's attack.
BONNNG!
You block the Orb Guardian's attack.
GONNNNG!
The green draconian is engulfed in freezing vapours.
The green draconian hits you but does no damage.
The green draconian closely misses you. The Orb Guardian barely misses you.
The moth of wrath is struck by lightning.
You kill the moth of wrath!
Qazlal accepts your kill.
Your Dodging skill increases to level 13!
You block the Orb Guardian's attack.
GONNNNG!
You block the red draconian's attack.
PTOANNNG!
The Orb Guardian hits you!!!
* * * LOW HITPOINT WARNING * * *
The tentacled monstrosity tentacle-slaps you!
You die...

▓▓▓▓▓▓▓▓▓▓▓▓▓▓▓▓▓▓▓
▓...8©8...▓...8©8...▓
▓..))))}..▓..§§}:.§.▓
▓..[=:=|..▓...:§.}..▓
▓.........▓.........▓
▓.........▓.........▓
▓..§§d§...▓.........▓
▓...XXd...▓.........▓
▓...X@Xd..▓...|.....▓
▓..§..d§..▓.........▓
▓...§§....▓▓▓▓▓▓▓▓▓▓▓
▓▓▓▓▓▓▓▓▓▓▓


You could see a tentacled monstrosity, a black draconian, a green draconian
(berserk), 2 draconians and 3 Orb Guardians.

Vanquished Creatures
  A greater mummy (D)
  2 dancing weapons (D)
  2 death scarabs (D)
  A deep elf archer (D)
  A deep elf mage (D)
  A hornet (shapeshifter) (D)
  2 moths of wrath (D)
  2 rime drakes (D)
  3 guardian mummies (D)
  A jumping spider (D)
  5 merfolk (D)
  2 flying skulls (D)
  A water elemental (D)
  A steam dragon (D)
  2 hell hounds (D)
  A swamp drake (D)
  2 scorpions (D)
  A crimson imp (D)
  An orc priest (D)
  2 orc wizards (D)
  A sheep (D)
  6 mummies (D)
  A river rat (D)
  A white imp (D)
  An ufetubus (D)
  An adder zombie (D)
  3 adder skeletons (D)
  An orc (D)
  3 bat skeletons (D)
  A bat zombie (D)
  A ball python zombie (D)
  A giant gecko zombie (D)
  A jackal skeleton (D)
56 creatures vanquished.

Notes
Turn   | Place    | Note
--------------------------------------------------------------
     0 | D        | Kidiri the Minotaur Fighter began the quest for the Orb.
     0 | D        | Reached XP level 1. HP: 19/19 MP: 0/0
     0 | D        | Found a viscous altar of Jiyva.
     0 | D        | Found a roughly hewn altar of Beogh.
     0 | D        | Found a corrupted altar of Lugonu.
     0 | D        | Found a white marble altar of Elyvilon.
     0 | D        | Found a sparkling altar of Nemelex Xobeh.
     4 | D        | Became a worshipper of Qazlal Stormbringer
    11 | D        | Found a burning altar of Makhleb.
    11 | D        | Found a deep blue altar of Sif Muna.
    11 | D        | Found a bloodstained altar of Trog.
    11 | D        | Found an iron altar of Okawaru.
    11 | D        | Found a radiant altar of Vehumet.
    57 | D        | Found a shimmering altar of Xom.
    83 | D        | Reached skill level 5 in Fighting
    83 | D        | Reached skill level 5 in Armour
    83 | D        | Reached skill level 5 in Shields
    83 | D        | Reached skill level 1 in Invocations
    83 | D        | Reached skill level 1 in Evocations
    83 | D        | Reached XP level 2. HP: 29/29 MP: 0/2
   110 | D        | Entered arena 1.
   114 | D        | Reached XP level 3. HP: 36/36 MP: 3/3
   126 | D        | Entered arena 2.
   126 | D        | Noticed a scorpion
   126 | D        | Noticed a scorpion
   126 | D        | Noticed a jumping spider
   133 | D        | Killed a scorpion
   133 | D        | Reached * piety under Qazlal
   133 | D        | Reached skill level 5 in Long Blades
   133 | D        | Reached XP level 4. HP: 34/44 MP: 4/4
   142 | D        | Killed a jumping spider
   142 | D        | Reached XP level 5. HP: 43/53 MP: 4/6
   142 | D        | Reached XP level 6. HP: 50/61 MP: 4/7
   197 | D        | Entered arena 3.
   197 | D        | Noticed a swamp drake
   197 | D        | Noticed a rime drake
   197 | D        | Noticed a rime drake
   197 | D        | Noticed a steam dragon
   201 | D        | Killed a steam dragon
   201 | D        | Reached ** piety under Qazlal
   202 | D        | Killed a swamp drake
   202 | D        | Reached XP level 7. HP: 66/69 MP: 7/9
   204 | D        | Killed a rime drake
   208 | D        | Killed a rime drake
   208 | D        | Reached skill level 5 in Invocations
   208 | D        | Reached XP level 8. HP: 68/78 MP: 7/10
   250 | D        | Entered arena 4.
   253 | D        | Reached *** piety under Qazlal
   285 | D        | Entered arena 5.
   285 | D        | Noticed a merfolk
   285 | D        | Noticed a merfolk
   285 | D        | Noticed a merfolk
   285 | D        | Noticed a merfolk
   285 | D        | Noticed a merfolk
   290 | D        | Killed a merfolk
   290 | D        | Reached **** piety under Qazlal
   290 | D        | Reached skill level 10 in Fighting
   290 | D        | Reached skill level 10 in Shields
   296 | D        | Killed a merfolk
   296 | D        | Reached skill level 10 in Armour
   296 | D        | Reached skill level 5 in Evocations
   298 | D        | Killed a merfolk
   298 | D        | Reached skill level 10 in Long Blades
   299 | D        | Killed a merfolk
   299 | D        | Reached XP level 9. HP: 51/86 MP: 12/12
   303 | D        | Killed a merfolk
   303 | D        | Reached ***** piety under Qazlal
   442 | D        | Entered arena 6.
   442 | D        | Noticed a short sword of holy wrath
   442 | D        | Noticed a hornet
   442 | D        | Noticed a deep elf archer
   442 | D        | Noticed a vampiric trident
   442 | D        | Noticed a deep elf mage
   445 | D        | Noticed a smoke demon
   447 | D        | Killed a vampiric trident
   448 | D        | Noticed a sun demon
   449 | D        | Killed a short sword of holy wrath
   449 | D        | Reached skill level 10 in Dodging
   449 | D        | Killed a hornet
   450 | D        | Noticed a demonic crawler
   450 | D        | Reached XP level 10. HP: 65/97 MP: 12/14
   451 | D        | Killed a deep elf archer
   455 | D        | Noticed an orange demon
   456 | D        | Killed a deep elf mage
   468 | D        | Got the ring of Puikues {rPois AC+1 Slay-5 SInv Stlth+}
   682 | D        | Entered arena 7.
   682 | D        | Noticed a greater mummy
   682 | D        | Noticed a death scarab
   685 | D        | Killed a death scarab
   691 | D        | Noticed a soul eater
   691 | D        | Noticed a soul eater
   700 | D        | Reached ****** piety under Qazlal
   704 | D        | Killed a greater mummy
   704 | D        | Reached XP level 11. HP: 52/110 MP: 14/16
   705 | D        | Noticed a reaper
   722 | D        | Got the amulet "Ohoiru" {Dismiss Int-4 Dex+6}
   876 | D        | Entered arena 8.
   900 | D        | Entered arena 9.
   900 | D        | Noticed a death scarab
   910 | D        | Killed a death scarab
  1004 | D        | Entered arena 10.
  1034 | D        | Entered arena 11.
  1034 | D        | Noticed a red draconian
  1034 | D        | Noticed a green draconian
  1034 | D        | Noticed a black draconian
  1035 | D        | Noticed an Orb Guardian
  1035 | D        | Noticed a tentacled monstrosity
  1035 | D        | Noticed an Orb Guardian
  1035 | D        | Noticed an Orb Guardian
  1035 | D        | Noticed a red draconian
  1042 | D        | HP: 5/111 [Orb Guardian (41)]
  1042 | D        | Slain by a tentacled monstrosity

Vault maps used:
D:        sprint_v

Skill      XL: |  1  2  3  4  5  6  7  8  9 10 11 |
---------------+----------------------------------+-----
Fighting       | 5 6 7 8 9 10 11 14 | 14.5
Long Blades    | 4 5 7 9 10 11 13 14 | 14.2
Armour         | 5 7 8 9 10 11 14 | 14.4
Dodging        | 2 3 4 6 7 9 10 12 13 | 13.0
Shields        | 5 6 7 8 9 10 12 14 | 14.5
Invocations    | 1 2 3 4 5 6 8 |  8.8
Evocations     | 1 2 3 4 5 6 7 8 |  8.1

Action                   |  1- 3 |  4- 6 |  7- 9 | 10-12 || total
-------------------------+-------+-------+-------+-------++-------
Melee: Double sword      |    11 |     9 |    32 |    58 ||   110
Evoke: Wand              |       |       |       |     3 ||     3
  Use: Potion            |     1 |       |       |     5 ||     6
  Eat: Meat ration       |       |       |       |     1 ||     1
